 Dungeon Crawl Stone Soup version 0.31-a0-981-geadf994542 (webtiles) character file.

Game seed: 15233837106443475810

127 Turgor the Changeling (level 4, -3/37 HPs)
             Began as a Draconian Shapeshifter on Nov 1, 2023.
             Was an Initiate of Gozag.
             Slain by an iron imp (9 damage)
             ... summoned by Eustachio
             ... on level 4 of the Dungeon.
             The game lasted 00:13:16 (2250 turns).

Turgor the Changeling (Draconian Shapeshifter)      Turns: 2250, Time: 00:13:17

Health: -3/37      AC:  5    Str: 29      XL:     4   Next: 85%
Magic:  4/4        EV: 12    Int: 10      God:    Gozag
Gold:   55         SH:  0    Dex:  9 (12) Spells: 3/3 levels left

rFire   . .          .
                       - Unarmed
rCold   . . .        (no shield)
rNeg    . . .        (body armour unavailable)
rPois   .            (helmet currently unavailable)
rElec   .            (cloak currently unavailable)
rCorr   .            (gloves currently unavailable)
SInv    .            (boots currently unavailable)
Will    .....        (no amulet)
Stlth   +            k - +6 ring of strength
HPRegen 0.26/turn    o - +6 ring of strength
MPRegen 0.09/turn

%: no passive effects
@: beast-form
A: beast (slay +2), AC +5, unfitting armour, cold-blooded
a: Begin Untransformation, Renounce Religion, Potion Petition, Call Merchant,
Bribe Branch


You were on level 4 of the Dungeon.
You worshipped Gozag.
Gozag was noncommittal.
You were a hulking beast.
You visited 1 branch of the dungeon, and saw 4 of its levels.

You collected 188 gold pieces.
You spent 98 gold pieces at shops.
You paid 35 gold pieces to Gozag.

Inventory:

Armour
 m - a +0 cloak
Jewellery
 k - a +6 ring of strength (left hand)
 o - a +6 ring of strength (right hand)
Talismans
 b - a beast talisman
 c - a flux talisman
Scrolls
 f - a scroll of enchant armour {unknown}
 g - a scroll of amnesia {unknown}
 j - a scroll of torment {unknown}
 l - a scroll of revelation
 q - 4 scrolls of vulnerability
 s - a scroll of fear {unknown}
Potions
 a - a potion of lignification
 d - a potion of heal wounds
 e - a potion of magic
 h - 2 potions of brilliance
 i - a potion of enlightenment {unknown}
 n - a potion of haste {unknown}
 p - a potion of cancellation {unknown}
 r - 2 potions of curing {unknown}


   Skills:
 + Level 2.5 Fighting
 + Level 2.5 Dodging
 + Level 3.6 Unarmed Combat
 * Level 4.0 Shapeshifting


You had 3 spell levels left.
You didn't know any spells.
Your spell library contained the following spells:

 Spells                   Type           Power      Damage    Failure   Level
 Brom's Barrelling Bould  Conj/Erth      0%         2d3       98%         4
 Fireball                 Conj/Fire      0%         3d3       100%        5
 Iskenderun's Battlesphe  Conj           0%         2d6       100%        5
 Conjure Ball Lightning   Conj/Air       0%         3x3d6     100%        6
 Orb of Destruction       Conj           0%         9d5       100%        7


Dungeon Overview and Level Annotations

Branches:
Dungeon (4/15)
 Temple: D:4-7

Altars:
Ashenzari
Dithmenos
Elyvilon
Fedhas
Gozag
Kikubaaqudgha

Shops:
D:2 :(?*

Annotations:
D:4 Eustachio


Innate Abilities, Weirdness & Mutations

You are a hulking beast.
Your limbs bulge with bestial killing power. (Slay +2)
Your plain brown scales are hard. (AC +5)
You cannot fit into any form of body armour.
You are cold-blooded and may be slowed by cold attacks.


Message History

The quasit barely misses you. The quasit claws you.
You feel clumsy. Eustachio hits you but does no damage.
The crimson imp blinks!
You barely miss Eustachio. You tail-slap Eustachio.
Eustachio is severely wounded.
The bat closely misses you. The bat barely misses you. The quasit misses you.
The quasit barely misses you. The quasit closely misses you.
The iron imp barely misses you.
Eustachio gestures wildly while chanting.
Unknown command.
You closely miss Eustachio.
Your tail-slap misses Eustachio.
Your punch misses Eustachio.
Eustachio is severely wounded.
The bat misses you.
The quasit bites you but does no damage.
The quasit claws you but does no damage.
The quasit barely misses you.
You barely miss Eustachio.
Eustachio is severely wounded.
The bat closely misses you. Eustachio hits you but does no damage.
The quasit barely misses you.
The quasit claws you but does no damage.
The quasit misses you. The iron imp closely misses you.
Unknown command.
You hit Eustachio but do no damage.
Eustachio is severely wounded.
The bat hits you but does no damage.
The quasit bites you but does no damage.
The quasit closely misses you. x2; Eustachio hits you with a +0 rapier.
The bat closely misses you. The iron imp hits you!
* * * LOW HITPOINT WARNING * * *
You hit Eustachio.
Eustachio is almost dead.
The bat barely misses you.
The quasit bites you but does no damage.
The quasit barely misses you. x2; Eustachio completely misses you.
The quasit bites you but does no damage.
The quasit completely misses you. The quasit misses you. The iron imp hits you!
You die...
Your body crumbles into a pile of gold.

..,,.,,,.,.[.,,,,,,,,***,,****
.,*,.##.##...,,,,,,,,,,,,**
,***..#....$#..**,*<,,,.,**
#####.......#.#**,,,,,..,,*
......##..#...# ***,,..#***
##............# *,...#
###...........#####....#
..............b5@55....#
.#..........#**#h#*....#
............####b##....#
...............#Sr.#####
###.........##..r#.....#*
******* #
#.........####..####..##*,,,,,*
#.>........####.........,,,,,,*
###..##.....###########.,,,,,,*
######.....# **,,,,,,* #######
**,,,,,*


You could see Eustachio, an iron imp (summoned), a quasit (summoned), a crimson
imp (summoned), 2 bats, a ball python and 2 rats.

Vanquished Creatures
  3 adders
  3 gnolls (D:3)
  2 worms (D:2)
  An orc (D:3)
  10 endoplasms
  2 giant cockroaches (D:1)
  4 goblins
  7 hobgoblins
  3 jackals (D:1)
  4 kobolds
  4 quokkas
  3 ball pythons
  7 bats
  2 frilled lizards
  5 rats
60 creatures vanquished.

Notes
Turn   | Place    | Note
-------+----------+-------------------------------------------
     0 | D:1      | Turgor the Draconian Shapeshifter began the quest for the
                  | Orb.
     0 | D:1      | Reached XP level 1. HP: 16/16 MP: 1/1
   208 | D:1      | Reached XP level 2. HP: 22/23 MP: 2/2
   677 | D:1      | Reached XP level 3. HP: 29/29 MP: 3/3
   860 | D:2      | Found Karoriz's Antique Weapon Emporium.
   983 | D:2      | Found Gareac's Magic Scroll Shoppe.
   990 | D:2      | Bought a scroll of identify for 26 gold pieces
  1106 | D:2      | Found Baepsuv's Book Boutique.
  1219 | D:2      | Found Vocyghis's Assorted Antiques.
  1227 | D:2      | Bought a bubbling cyan potion for 23 gold pieces
  1451 | D:3      | Reached XP level 4. HP: 30/36 MP: 4/4
  1477 | D:3      | Found a white marble altar of Elyvilon.
  1556 | D:3      | Found a blossoming altar of Fedhas.
  1556 | D:3      | Found a shadowy altar of Dithmenos.
  1557 | D:3      | Found a broken altar of Ashenzari.
  1582 | D:3      | Found an opulent altar of Gozag.
  1590 | D:3      | Became a worshipper of Gozag Ym Sagoz the Greedy
  1747 | D:2      | Bought a fuming brown potion for 23 gold pieces
  1774 | D:2      | Bought a scroll of identify for 26 gold pieces
  1829 | D:3      | Found an ancient bone altar of Kikubaaqudgha.
  2148 | D:4      | Noticed a scorpion
  2194 | D:4      | Reached skill level 4 in Shapeshifting
  2225 | D:4      | Noticed Eustachio
  2250 | D:4      | Slain by an iron imp

Illustrated notes

Levels and vault maps discovered:
D:1:      wander_arrival_fairy_ring, layout_loops_ring
D:2:      layout_rooms, serial_shops, nicolae_shop_peninsula, shop,
          nicolae_shop_temple_entry_statues_fountains,
          nicolae_book_shop_shelving
D:3:      layout_basic, nicolae_overflow_hidden_temple,
          nicolae_elyvilon_peaceful_grove, nicolae_overflow_quartered_altars
D:4:      layout_rooms, minmay_strange_pillars, uniq_crazy_yiuf_cottage,
          uniq_eustachio

Skill      XL: |  1  2  3  4 |
---------------+-------------+-----
Dodging        | 2 |  2.5
Fighting       | 2 |  2.5
Shapeshifting  | 4 |  4.0
Unarmed Combat | |  3.6

Action                     |  1- 3 |  4- 6 || total
---------------------------+-------+-------++-------
  Melee: Unarmed           |   110 |    62 ||   172
         Tailslap          |    12 |     5 ||    17
         Punch             |     2 |       ||     2
    Use: Scroll            |     3 |     3 ||     6
   Stab: Sleeping          |     1 |       ||     1
 Armour: Skin              |    52 |    64 ||   116
  Dodge: Dodged            |    60 |    63 ||   123

Table legend: (Time is in decaauts)
 A = Elapsed time spent in this place.
 B = Non-inter-level travel time spent in this place.
 C = Inter-level travel time spent in this place.
 D = Time resting spent in this place.
 E = Time spent auto-exploring this place.
 F = Levels seen in this place.
 G = Mean time per level.
                   A        B        C        D        E       F      G
               +--------+--------+--------+--------+--------+-----+--------+
         Total |   2246 |   2174 |     72 |     96 |   1251 |   4 |  561.5 |
       Dungeon |   2246 |   2174 |     72 |     96 |   1251 |   4 |  561.5 |
               +--------+--------+--------+--------+--------+-----+--------+

Top non-repeatable levels by time:
     D:3: 856 daAuts
     D:1: 656 daAuts
     D:2: 630 daAuts
     D:4: 102 daAuts
